 Dungeon Crawl Stone Soup version 0.27.0-1-g7a089689b8 (webtiles) character file.

Game seed: 6909965958396924592

88 ZenoRockbell the Skirmisher (level 4, 0/36 HPs)
             Began as a Demonspawn Fighter on Aug 6, 2021.
             Was a Follower of Qazlal.
             Splashed by a jelly's acid (8 damage)
             ... on level 4 of the Dungeon.
             The game lasted 00:06:36 (1068 turns).

ZenoRockbell the Skirmisher (Demonspawn Fighter)    Turns: 1068, Time: 00:06:38

Health: 0/36       AC:  7    Str: 16    XL:     4   Next: 29%
Magic:  4/4        EV:  4    Int:  9    God:    Qazlal [*.....]
Gold:   112        SH: 12    Dex: 23    Spells: 3/3 levels left

rFire    . . .     SeeInvis .   a - +0 long sword
rCold    . . .     Faith    .   c - +0 kite shield
rNeg     . . .     Spirit   .   e - +0 chain mail
rPois    +         Reflect  .   (no helmet)
rElec    .         Harm     .   (no cloak)
rCorr    .         Rampage  .   (no gloves)
Will     .....                  f - +1 pair of boots "Rihos" {*Slow rPois Dex+9}
Stlth    ..........             (no amulet)
HPRegen  0.12/turn              (no ring)
MPRegen  0.09/turn              (no ring)

@: corroded
A: demonic guardian 1, noise suppression
a: Renounce Religion


You were on level 4 of the Dungeon.
You worshipped Qazlal.
Qazlal was aware of your devotion.
You visited 1 branch of the dungeon, and saw 3 of its levels.

You collected 112 gold pieces.

Inventory:

Hand Weapons
 a - a +0 long sword (weapon)
Armour
 b - a +0 scale mail
 c - a +0 kite shield (worn)
 e - a +0 chain mail (worn)
 f - the +1 pair of boots "Rihos" (worn) {*Slow rPois Dex+9}
   (You acquired it on level 1 of the Dungeon)

   Dex:       It affects your dexterity (+9).
   rPois:     It protects you from poison.
   *Slow:     It may slow you when you take damage.
Potions
 d - a potion of might


   Skills:
 + Level 3.6 Fighting
 + Level 2.7 Long Blades
 + Level 3.1 Armour
 + Level 0.1 Dodging
 + Level 0.1 Stealth
 + Level 3.2 Shields


You had 3 spell levels left.
You didn't know any spells.
Your spell library contained the following spells:

 Spells                   Type           Power      Damage    Failure   Level
 Animate Skeleton         Necr           0%         N/A       100%        1
 Apportation              Tloc           0%         N/A       100%        1
 Corona                   Hex            0%         N/A       100%        1
 Summon Small Mammal      Summ           0%         N/A       100%        1
 Slow                     Hex            0%         N/A       100%        2
 Confusing Touch          Hex            0%         N/A       100%        3
 Vampiric Draining        Necr           0%         2d6       100%        3


Dungeon Overview and Level Annotations

Branches:
Dungeon (2/15)

Altars:
Qazlal
Xom

Shops:
D:1 (


Innate Abilities, Weirdness & Mutations

A weak demonic guardian rushes to your aid.
You passively dampen the noise of your surroundings.


Message History

Things that are here:
a +0 whip; 5 stones; an adder corpse
Found a stone staircase leading up.
A kobold comes into view. It is wielding a +0 whip.
You block the kobold's attack.
Your shield and chain mail prevent you from hitting the kobold.
The kobold hits you but does no damage. You block the kobold's attack.
You hit the kobold.
The kobold is severely wounded.
The kobold hits you but does no damage.
You hit the kobold.
You kill the kobold!
Qazlal accepts your kill.
Found a stone staircase leading down.
Things that are here:
a +0 whip; a stone; a kobold corpse A jelly comes into view.
The jelly quivers.
You block the jelly's attack.
You hit the jelly but do no damage.
Your hands burn!
You block the jelly's attack.
You hit the jelly.
Your hands burn!
The jelly is moderately wounded.
The jelly hits you but does no damage. x2
You hit the jelly but do no damage.
Your hands burn!
The jelly is moderately wounded.
You block the jelly's attack.
You hit the jelly.
Your hands burn!
The jelly is severely wounded.
The jelly hits you but does no damage. You block the jelly's attack.
You hit the jelly but do no damage. The acid corrodes you!
Your hands burn!
The jelly is severely wounded.
You block the jelly's attack.
You hit the jelly but do no damage.
Your hands burn!
* * * LOW HITPOINT WARNING * * *
The jelly is severely wounded.
The jelly hits you.
* * * LOW HITPOINT WARNING * * *
You are splashed with acid!
You die...

######### #.......#
# #.#####.#
#.#.......#
#.J@...##.########
#.#.##.##..).....#
#.#.##...<.#####.###
. #.>.....###.......
## #.......#
#.##.##. ######### #
#.## #..# ##.#.
#.###.#.


You could see a jelly.

Vanquished Creatures
  A gnoll (D:2)
  3 adders
  3 ball pythons
  2 bats (D:1)
  5 endoplasms
  3 giant cockroaches (D:1)
  3 goblins (D:1)
  8 hobgoblins
  4 jackals (D:4)
  A quokka (D:1)
  3 frilled lizards (D:1)
  6 kobolds
  4 rats (D:1)
46 creatures vanquished.

Vanquished Creatures (collateral kills)
  A ball python (D:2)
1 creature vanquished.

Grand Total: 47 creatures vanquished

Notes
Turn   | Place    | Note
-------+----------+-------------------------------------------
     0 | D:1      | ZenoRockbell the Demonspawn Fighter began the quest for the
                  | Orb.
     0 | D:1      | Reached XP level 1. HP: 18/18 MP: 1/1
   153 | D:1      | Identified a scroll of acquirement
   153 | D:1      | Acquired the +1 pair of boots "Rihos" {*Slow rPois Dex+9}
   203 | D:1      | Found Dotoel's Weapon Shop.
   212 | D:1      | Gained mutation: A weak demonic guardian rushes to your
                  | aid. [demonic ancestry]
   212 | D:1      | Reached XP level 2. HP: 14/24 MP: 2/2
   522 | D:1      | Reached XP level 3. HP: 26/29 MP: 3/3
   770 | D:1      | Found a faded altar of an unknown god.
   782 | D:1      | Became a worshipper of Qazlal Stormbringer
   782 | D:1      | Reached * piety under Qazlal
   885 | D:2      | Gained mutation: You passively dampen the noise of your
                  | surroundings. [potion of mutation]
   921 | D:2      | Reached XP level 4. HP: 20/35 MP: 4/4
   948 | D:2      | Found a shimmering altar of Xom.
   951 | D:2      | You fall into a shaft and drop 2 floors!
  1068 | D:4      | Splashed by a jelly's acid

Illustrated notes

Levels and vault maps discovered:
D:1:      dpeg_arrival_concentric_ovals, layout_basic,
          shapermc_ecumenical_altar_totnotflames, serial_shops, shop_coins
D:2:      layout_rooms, basic_altar, minmay_quadrilaterals
D:4:      layout_loops_cross, minmay_crossroads

Skill      XL: |  1  2 |
---------------+-------+-----
Long Blades    | 2 |  2.7
Armour         | 3 |  3.1
Shields        | 3 |  3.2
Fighting       | |  3.6
Dodging        | |  0.1
Stealth        | |  0.1

Action                   |  1- 3 |  4- 6 || total
-------------------------+-------+-------++-------
Melee: Long sword        |    82 |    24 ||   106
  Use: Scroll            |     4 |       ||     4
       Potion            |     2 |       ||     2
 Stab: Invisible         |     1 |       ||     1
Armor: Chain mail        |    63 |    11 ||    74
       Scale mail        |     2 |       ||     2
Dodge: Dodged            |    11 |     5 ||    16
Block: Kite shield       |    65 |    17 ||    82
       Rpst.: Long sword |     5 |     1 ||     6
